 Dungeon Crawl Stone Soup version 0.19-a0-892-g8a19e52 (webtiles) character file.

5883 Moloch the Grappler (level 10, -5/71 HPs)
             Began as a Demonspawn Fighter on July 4, 2016.
             Was a Priest of Dithmenos.
             Slain by a yak (7 damage)
             ... on level 10 of the Dungeon.
             The game lasted 00:13:19 (8297 turns).

Moloch the Grappler (Demonspawn Fighter)            Turns: 8297, Time: 00:13:20

Health: -5/71      AC: 22    Str: 17    XL:     10   Next: 52%
Magic:  10/10      EV:  5    Int:  9    God:    Dithmenos [***...]
Gold:   566        SH:  9    Dex: 15    Spells: 0 memorised, 9 levels left

rFire  . . .     SeeInvis .       - Unarmed
rCold  + + .     Gourm    .     a - +0 chain mail
rNeg   . . .     Faith    .     c - +0 shield
rPois  .         Spirit   .     z - +1 helmet
rElec  .         Dismiss  .     y - +1 cloak
rCorr  .         Reflect  .     (no gloves)
SustAt .         Harm     .     t - +0 pair of boots
MR     .....                    (no amulet)
Stlth  ..........               F - +4 ring of protection
                                p - ring of protection from cold

@: wreathed by umbra, not resistant to hostile enchantments, extremely
unstealthy
A: claws 1, rough black scales 1, cold resistance 1, spiny 1
a: Shadow Step, Renounce Religion


You were on level 10 of the Dungeon.
You worshipped Dithmenos.
Dithmenos was most pleased with you.
You were not hungry.

You visited 1 branch of the dungeon, and saw 10 of its levels.

You collected 566 gold pieces.

Inventory:

Armour
 a - a +0 chain mail (worn)
 c - a +0 shield (worn)
 t - a +0 pair of boots (worn)
 y - a +1 cloak (worn)
 z - a +1 helmet (worn)
Jewellery
 b - an uncursed ring of sustain attributes {unknown}
 p - a ring of protection from cold (left claw)
 F - a +4 ring of protection (right claw)
 I - an uncursed ring of ice
Wands
 x - a wand of iceblast (0/15)
 H - a wand of iceblast (5/15)
 J - a wand of flame (39/48)
Scrolls
 e - 4 scrolls of teleportation
 g - 2 scrolls of enchant weapon {unknown}
 h - 12 scrolls of remove curse
 i - a scroll of fear {unknown}
 l - 2 scrolls of immolation {unknown}
 m - 3 scrolls of amnesia {unknown}
 n - 2 scrolls of identify
 u - 3 scrolls of recharging {unknown}
 B - 2 scrolls of noise {unknown}
 E - 4 scrolls of blinking {unknown}
 K - a scroll of acquirement {unknown}
 M - a scroll of vulnerability {unknown}
 N - a scroll of fog {unknown}
Potions
 d - a potion of might
 k - 4 potions of heal wounds
 q - a potion of lignification {unknown}
 r - 3 potions of haste
 s - 3 potions of curing {unknown}
 w - a potion of cancellation
 A - a potion of flight
 C - 3 potions of mutation
 G - a potion of ambrosia {unknown}
Comestibles
 f - 9 bread rations
 j - 9 fruits
 o - 5 meat rations
 v - 6 beef jerkies
 D - 10 slices of pizza
 L - 5 chunks of flesh


   Skills:
 + Level 3.8 Fighting
   Level 2.2 Axes
 - Level 2.6 Armour
 * Level 2.3 Dodging
 * Level 3.8 Shields
 + Level 13.2 Unarmed Combat


You had 9 spell levels left.
You didn't know any spells.

Dungeon Overview and Level Annotations

Branches:
Dungeon (10/15)            Temple (0/1) D:4
   Lair: D:8-11         Orc: D:9-12

Altars:
Dithmenos
Fedhas
Hepliaklqana
Makhleb
Nemelex Xobeh
Pakellas
Trog
Uskayaw


Innate Abilities, Weirdness & Mutations

You have sharp fingernails.
You are partially covered in rough black scales. (AC +4, Dex -1)
Your flesh is cold resistant. (rC+)
You are partially covered in sharp spines.


Message History

Unknown command.
You claw the yak!
You kill the yak!
Dithmenos accepts your kill. The yak is struck by your spines.
The yak gores you but does no damage. The yak is struck by your spines.
The yak gores you!
* * * LOW HITPOINT WARNING * * *
You see here a yak corpse.
Your shield prevents you from hitting the yak.
The yak is heavily wounded.
The yak gores you but does no damage.
You claw the yak!
The yak is almost dead.
You closely miss the yak.
The yak is almost dead.
You block the yak's attack.
You scratch the yak.
The yak is almost dead.
The yak gores you!
You die...

######.## #.# #.# #.# ###
.# #.. #.# #.# #.# ..... #
#@# ..... #. #Y# ......
#####.#####t### ...... #.
...........rr.###♣...$..
#.# ######.#####.##.r......
#.# #####.# #r##Y.....♣ #.#
#.....# #Yr†...♣..P
#.####.###.# #lY.r...PP..
#.#........#####.##.#......


You could see a yak, a crocodile, a porcupine and a river rat.

Vanquished Creatures
  A hill giant (D:10)
  Pikel (D:7)
  An ugly thing (D:9)
  Grinder (D:5)
  6 yaks
  A wyvern (D:8)
  A hog (D:7)
  A human (D:7)
  A hippogriff (D:8)
  Duvessa (D:5)
  A porcupine (D:10)
  An ice beast (D:5)
  A sky beast (D:7)
  A phantom (D:7)
  4 centaurs
  2 ogres
  2 crocodiles (D:10)
  A big kobold (D:8)
  3 giant frogs
  Dowan (D:5)
  2 water moccasin zombies (D:5)
  3 killer bees (D:9)
  4 wights (D:7)
  7 crimson imps
  A centaur zombie (D:7)
  A jelly (D:9)
  3 orc wizards
  8 hounds
  2 centaur skeletons (D:6)
  3 iguanas
  7 worker ants
  A sheep (D:7)
  A hound zombie (D:4)
  4 gnolls (D:6)
  2 worker ant zombies
  8 adders
  A river rat (D:10)
  3 shadow imps
  An ooze (D:3)
  3 adder skeletons
  3 worms
  2 dart slugs
  5 giant geckos
  15 orcs
  A ball python (D:2)
  6 giant cockroaches
  10 hobgoblins
  14 jackals
  5 quokkas
  5 bats
  A giant gecko skeleton (D:9)
  8 giant newts
  8 goblins
  A jackal zombie (D:5)
  8 kobolds
  7 rats
  A bush (D:6)
197 creatures vanquished.

Vanquished Creatures (others)
  A slave (D:7)
  A wight (D:7)
  A bush (D:10)
  A fungus (D:10)
  3 plants (D:10)
7 creatures vanquished.

Grand Total: 204 creatures vanquished

Notes
Turn   | Place    | Note
-------+----------+-------------------------------------------
     0 | D:1      | Moloch the Demonspawn Fighter began the quest for the Orb.
     0 | D:1      | Reached XP level 1. HP: 18/18 MP: 1/1
     6 | D:1      | Noticed a black bear
     6 | D:1      | Noticed a hound
     7 | D:1      | Noticed a lindwurm
     7 | D:1      | Noticed a worker ant
   338 | D:1      | Gained mutation: You have sharp fingernails. [demonic ancestry]
   338 | D:1      | Reached XP level 2. HP: 13/24 MP: 2/2
   610 | D:1      | Reached skill level 1 in Unarmed Combat
   992 | D:2      | Found a shadowy altar of Dithmenos.
  1258 | D:2      | Reached XP level 3. HP: 29/29 MP: 3/3
  1320 | D:2      | Reached skill level 2 in Unarmed Combat
  1690 | D:2      | Found an oddly glowing altar of Pakellas.
  1991 | D:2      | Reached XP level 4. HP: 32/35 MP: 4/4
  2073 | D:2      | Reached skill level 3 in Unarmed Combat
  2621 | D:3      | Reached XP level 5. HP: 29/41 MP: 5/5
  2810 | D:3      | Reached skill level 4 in Unarmed Combat
  3079 | D:3      | Found a hazy altar of Hepliaklqana.
  3081 | D:3      | Found a blossoming altar of Fedhas.
  3083 | D:3      | Found a bloodstained altar of Trog.
  3169 | D:2      | Became a worshipper of Dithmenos the Shadowed
  3537 | D:4      | Found a staircase to the Ecumenical Temple.
  3571 | D:4      | Noticed an ogre
  3583 | D:4      | Killed an ogre
  3583 | D:4      | Reached skill level 5 in Unarmed Combat
  3583 | D:4      | Gained mutation: You are partially covered in rough black scales. (AC +4, Dex -1) [demonic ancestry]
  3583 | D:4      | Reached XP level 6. HP: 19/47 MP: 6/6
  3898 | D:4      | Reached skill level 6 in Unarmed Combat
  4274 | D:5      | Entered Level 5 of the Dungeon
  4279 | D:5      | Reached * piety under Dithmenos
  4288 | D:5      | Reached XP level 7. HP: 47/52 MP: 7/7
  4425 | D:5      | Reached skill level 7 in Unarmed Combat
  4428 | D:5      | Noticed Dowan
  4432 | D:5      | Noticed Duvessa
  4453 | D:5      | Killed Duvessa
  4734 | D:5      | Killed Dowan
  4734 | D:5      | Reached skill level 8 in Unarmed Combat
  4792 | D:5      | Gained mutation: You are partially covered in sharp spines. [demonic ancestry]
  4792 | D:5      | Reached XP level 8. HP: 58/58 MP: 8/8
  4814 | D:5      | Noticed Grinder
  4840 | D:5      | Paralysed by Grinder for 6 turns
  4863 | D:5      | Killed Grinder
  4863 | D:5      | Reached skill level 9 in Unarmed Combat
  5058 | D:6      | Reached ** piety under Dithmenos
  5085 | D:6      | Reached skill level 10 in Unarmed Combat
  5130 | D:6      | Found a hide-covered altar of Uskayaw.
  5928 | D:6      | Reached XP level 9. HP: 63/63 MP: 9/9
  6094 | D:7      | Noticed Pikel
  6115 | D:7      | Killed Pikel
  6115 | D:7      | Reached skill level 11 in Unarmed Combat
  6271 | D:7      | Found a burning altar of Makhleb.
  6589 | D:7      | Reached skill level 12 in Unarmed Combat
  6766 | D:8      | Found a sparkling altar of Nemelex Xobeh.
  7172 | D:8      | Gained mutation: Your flesh is cold resistant. (rC+) [demonic ancestry]
  7172 | D:8      | Reached XP level 10. HP: 60/70 MP: 10/10
  7503 | D:9      | Noticed a green ugly thing
  7880 | D:9      | Found a sparkling altar of Nemelex Xobeh.
  7907 | D:9      | Killed a green ugly thing
  8064 | D:9      | Reached skill level 1 in Dodging
  8094 | D:10     | Entered Level 10 of the Dungeon
  8198 | D:10     | Noticed a hill giant
  8211 | D:10     | Killed a hill giant
  8211 | D:10     | Reached skill level 13 in Unarmed Combat
  8239 | D:10     | Reached *** piety under Dithmenos
  8290 | D:10     | HP: 1/71 [yak (10)]
  8297 | D:10     | Slain by a yak

Vault maps used:
D:1:      onia_arrival_zoo_common, serial_park_tiny_pond
D:2:      nicolae_overflow_crystal_walls, grunt_dithmenos_smoke
D:3:      nicolae_overflow_hidden_temple, first_bread, grunt_ministairs_7,
          minmay_misc_feat_chi
D:5:      st_stairs_4, uniq_grinder, uniq_duvessa
D:6:      lemuel_doored_altar, solitary_fountain, minmay_crystal_water,
          hangedman_abyss_or_decor_slice, kb_lookout_dungeons_type, minivault_24
D:7:      overflow_temple_1_default, minivault_25, grunt_livestock, uniq_pikel
D:8:      nemelex_xobeh_ov_fountains_minmay
D:9:      lemuel_crystal_altar, nicolae_sextant
D:10:     minmay_lair_entry_grove, okawaru_trees_2

Skill      XL: |  1  2  3  4  5  6  7  8  9 10 |
---------------+-------------------------------+-----
Axes           | 2 |  2.2
Unarmed Combat | 1 2 3 5 6 8 10 12 13 | 13.2
Shields        | 3 |  3.8
Dodging        | 2 |  2.3
Fighting       | |  3.8
Armour         | |  2.6

Action                   |  1- 3 |  4- 6 |  7- 9 | 10-12 || total
-------------------------+-------+-------+-------+-------++-------
Melee: War axe           |   149 |    42 |       |       ||   191
       Unarmed           |       |   193 |   308 |    84 ||   585
Evoke: Wand              |       |       |       |     5 ||     5
  Use: Scroll            |       |       |     6 |     1 ||     7
       Potion            |       |       |     2 |       ||     2
  Eat: Chunk             |     3 |     8 |    10 |     3 ||    24
Armor: Scale mail        |    61 |   100 |    67 |       ||   228
       Chain mail        |       |       |    52 |    47 ||    99
Dodge: Dodged            |    49 |    75 |    61 |    17 ||   202
Block: Shield            |    72 |    98 |   103 |    46 ||   319
